AoeStats
← treckerbecker

Highland

505981824Analyzed
4v4 RM · 19d ago on Sep 11, 2026· 23m 3s· 8 players
Game mode
Random Map
Map size
Large (8 player)
Population
200
Speed
Normal
Resources
Standard
Victory
Conquest
Starting age
Dark Age
Ending age
Imperial Age
RankedLock teamsTeams togetherTeam positionsShared explorationLock speedFull tech treeHidden civsTurbo modeCheats
Victory
Defeat
🇩🇰 Poles · Denmark
1083
+13
🇩🇰 Magyars · Denmark
1066
+14
🇩🇰 Franks · Denmark
1052
+15
🇩🇰 Goths · Denmark
976
+18
🇺🇸 Saracens · United States
1051
-16
🇨🇳 Huns · China
1022
-15
🇩🇪 Chinese · Germany
1014
-15
🇨🇳 Turks · China
1006
-14
Dirty F150
treckerbecker
0:32 Loom
逆天小肥猪
lotus
11:57 Feudal Age
12:36 Horse Collar
12:43 Double-Bit Axe
13:47 Loom
15:50 Bloodlines
16:00 Arson
TheLegendOfFissan
10:53 Feudal Age
12:51 Bloodlines
14:02 Wheelbarrow
13:14 Loom
14:01 Double-Bit Axe
17:27 Scale Barding Armor
Space
11:13 Feudal Age
13:26 Double-Bit Axe
15:45 Bloodlines
15:44 Scale Barding Armor
15:50 Forging
18:13 Loom
22:43 Castle Age
21:19 Gold Mining
21:19 Horse Collar
23:34 Husbandry
Sikkerhimovic
10:40 Feudal Age
14:21 Man-at-Arms
15:41 Double-Bit Axe
19:32 Forging
19:22 Scale Mail Armor
21:45 Wheelbarrow
Rudy
10:07 Feudal Age
9:12 Loom
19:08 Wheelbarrow
18:25 Arson
19:04 Gold Mining
20:29 Double-Bit Axe
20:42 Man-at-Arms
23:37 Castle Age
22:38 Forging
Connection lost

Rejoining the realm…

Still unreachable

The connection could not be restored.

Session expired

The server has moved on; the page needs a fresh start.